 Dungeon Crawl Stone Soup version 0.31.0-10-gcf4a605ca0 (webtiles) character file.

Game seed: 11300968030801070357

84 Ruich the Shield-Bearer (level 4, -5/38 HPs)
             Began as an Armataur Fighter on Jan 26, 2024.
             Was an Initiate of Zin.
             Engulfed by a cloud of steam (9 damage)
             ... on level 3 of the Dungeon.
             The game lasted 00:12:10 (1612 turns).

Ruich the Shield-Bearer (Armataur Fighter)          Turns: 1612, Time: 00:12:11

Health: -5/38      AC:  6    Str: 23    XL:     4   Next: 24%
Magic:  4/4        EV:  7    Int:  9    God:    Zin [......]
Gold:   40         SH:  4    Dex:  9    Spells: 3/3 levels left

rFire   . . .        a - +0 flail
rCold   . . .        c - +0 buckler
rNeg    . . .        b - +0 scale mail
rPois   .            (no helmet)
rElec   .            (no cloak)
rCorr   .            (no gloves)
SInv    .            (no barding)
Will    .....        (no amulet) Stlth
                     (no ring)
HPRegen 0.26/turn    (no ring)
MPRegen 0.09/turn

%: roll
@: mighty
A: large, deformed body, tough skin 3, armoured tail, roll 1
a: Renounce Religion, Donate Gold


You were on level 3 of the Dungeon.
You worshipped Zin.
Zin was noncommittal.
You visited 1 branch of the dungeon, and saw 3 of its levels.

You collected 44 gold pieces.
You donated 4 gold pieces to Zin.


Innate Abilities, Weirdness & Mutations

Armour fits poorly on your strangely shaped body.
You have extremely tough skin. (AC +3)
You have a long armoured tail.
You regenerate magic when rolling toward enemies. (Rampage MPRegen)


   Skills:
 + Level 3.2 Fighting
 * Level 3.2 Maces & Flails
 + Level 3.6 Armour
 - Level 4.0 Shields


You had 3 spell levels left.
You didn't know any spells.
Your spell library was empty.

Inventory:

Hand Weapons
 a - a +0 flail (weapon)
Missiles
 g - 12 stones
 m - 3 boomerangs
 n - 3 poisoned darts (quivered)
Armour
 b - a +0 scale mail (worn)
 c - a +0 buckler (worn)
Scrolls
 e - a scroll of summoning {unknown}
 h - a scroll of blinking {unknown}
 i - 2 scrolls of immolation {unknown}
 j - a scroll of fog {unknown}
 l - a scroll of identify {unknown}
Potions
 f - a potion of berserk rage {unknown}
 k - 2 potions of heal wounds {unknown}

Dungeon Overview and Level Annotations

Branches:
Dungeon (3/15)

Altars:
Zin

Shops:
D:3 *

Annotations:
D:3 1 runed translucent door, labirda's ghost, amateur DrFE

.▒▒▒.............#
....
.................# ...
.................# #
.#
.................#.###
#
..........∩......#....
......................
..........S...........
....$[...▒⚑▒.....#.#.#
....S...▒▒@▒▒....#....
.........▒▒▒.......###
<..................#
.......g...........#
..?..................
...................#..
...............
............#.


You could see a ball python.


Message History

* * * LOW HITPOINT WARNING * * *
Ijyb screams, "Me kill you!" Ijyb hits you with a +0 dagger.
* * * LOW HITPOINT WARNING * * *
Ijyb hits you with a +0 dagger.
* * * LOW HITPOINT WARNING * * *
Press: ? - help, v - describe, . - travel
Here: Ijyb, wielding a +0 dagger, wearing a +0 leather armour and carrying a wand of flame (lightly wounded, poisoned)
A glowing silver altar of Zin.
Unknown command.
Unknown command.
Unknown command.
You hit Ijyb.
Ijyb is heavily wounded.
You are engulfed in a cloud of scalding steam.
Ijyb zaps a wand.
The puff of flame hits you.
* * * LOW HITPOINT WARNING * * *
Unknown command.
Press: ? - help, v - describe, . - travel A fountain of clear blue water.
Unknown command.
You closely miss Ijyb.
Your tail-slap misses Ijyb.
Ijyb is heavily wounded.
Ijyb zaps a wand.
The puff of flame hits you. Zin protects you from harm!
Unknown command.
You sock Ijyb!
You kill Ijyb!
You are engulfed in a cloud of scalding steam.
You die...

Skill      XL: |  1  2  3 |
---------------+----------+-----
Maces & Flails | 2 3 |  3.2
Fighting       | 3 |  3.2
Shields        | 4 |  4.0
Armour         | |  3.6

Action                     |  1- 3 |  4- 6 || total
---------------------------+-------+-------++-------
  Melee: Flail             |   130 |     6 ||   136
         Tailslap          |    17 |       ||    17
  Throw: Stone             |     8 |       ||     8
         Dart              |       |     4 ||     4
    Use: Potion            |       |     1 ||     1
 Armour: Scale mail        |    97 |    11 ||   108
  Dodge: Dodged            |    52 |       ||    52
  Block: Buckler           |    32 |       ||    32

Levels and vault maps discovered:
D:1:      minmay_arrival_diagonal_passages, layout_loops_corners,
          hellmonk_ecumenical_altar_heavens_door,
          chequers_serial_rivers_large_a, minmay_door_square
D:2:      layout_rooms
D:3:      layout_basic, zin_purify, hellmonk_ghost_happy_afterlife,
          minmay_circle_x, uniq_ijyb, uniq_jessica, uniq_sigmund

Notes
Turn   | Place    | Note
-------+----------+-------------------------------------------
     0 | D:1      | Ruich the Armataur Fighter began the quest for the Orb.
     0 | D:1      | Reached XP level 1. HP: 18/18 MP: 1/1
   113 | D:1      | Reached skill level 2 in Maces & Flails
   227 | D:1      | Found a faded altar of an unknown god.
   272 | D:1      | Reached XP level 2. HP: 25/25 MP: 2/2
  1098 | D:2      | Reached skill level 3 in Fighting
  1167 | D:2      | Reached XP level 3. HP: 31/31 MP: 3/3
  1292 | D:2      | You fall into a shaft and drop 1 floor!
  1491 | D:3      | Found a runed translucent door.
  1491 | D:3      | Noticed labirda's ghost (amateur DrFE)
  1503 | D:3      | Noticed Jessica
  1517 | D:3      | Killed Jessica
  1518 | D:3      | Reached skill level 3 in Maces & Flails
  1518 | D:3      | Reached skill level 4 in Shields
  1518 | D:3      | Reached XP level 4. HP: 28/38 MP: 4/4
  1567 | D:3      | Found Zin's Purification Station.
  1571 | D:3      | Found a glowing silver altar of Zin.
  1593 | D:3      | Became a worshipper of Zin the Law-Giver
  1600 | D:3      | Noticed Ijyb
  1611 | D:3      | Zin protects you from harm!
  1612 | D:3      | Killed Ijyb
  1612 | D:3      | Engulfed by a cloud of steam

Vanquished Creatures
  Jessica (D:3)
  Ijyb (D:3)
  An adder (D:3)
  A ribbon worm (D:3)
  An orc (D:3)
  4 ball pythons
  6 bats
  3 endoplasms (D:1)
  2 giant cockroaches (D:1)
  2 goblins (D:1)
  2 hobgoblins
  4 jackals (D:2)
  4 kobolds
  3 quokkas
  3 frilled lizards
  4 rats (D:1)
42 creatures vanquished.

Table legend: (Time is in decaauts)
 A = Elapsed time spent in this place.
 B = Non-inter-level travel time spent in this place.
 C = Inter-level travel time spent in this place.
 D = Time resting spent in this place.
 E = Time spent auto-exploring this place.
 F = Levels seen in this place.
 G = Mean time per level.
                   A        B        C        D        E       F      G
               +--------+--------+--------+--------+--------+-----+--------+
         Total |   1654 |   1600 |     54 |    176 |    687 |   3 |  551.3 |
       Dungeon |   1654 |   1600 |     54 |    176 |    687 |   3 |  551.3 |
               +--------+--------+--------+--------+--------+-----+--------+

Top non-repeatable levels by time:
     D:1: 1133 daAuts
     D:3: 333 daAuts
     D:2: 188 daAuts

Table legend:
 A = Non-vault XP
 B = Vault XP
 C = Vault XP percentage of total XP
 D = Non-vault monster count
 E = Vault monster count
 F = Vault count percentage of total count
                 A         B        C        D         E       F
            +---------+---------+-------+---------+---------+-------
      Total |      84 |      69 |  45.1 |      40 |       2 |   4.8
            +---------+---------+-------+---------+---------+-------
        D:1 |      35 |       0 |   0.0 |      22 |       0 |   0.0
        D:2 |      22 |       0 |   0.0 |      12 |       0 |   0.0
        D:3 |      27 |      69 |  71.9 |       6 |       2 |  25.0
            +---------+---------+-------+---------+---------+-------
